 Dungeon Crawl Stone Soup version 0.22-a0-460-g49b1da7e92 (webtiles) character file.

401 Oravi the Gusty (level 6, -4/32 HPs)
             Began as a Tengu Air Elementalist on June 9, 2018.
             Was an Initiate of Vehumet.
             Slain by Menkaure (13 damage)
             ... on level 3 of the Dungeon.
             The game lasted 00:12:24 (4765 turns).

Oravi the Gusty (Tengu Air Elementalist)            Turns: 4765, Time: 00:12:25

Health: -4/32      AC:  2    Str:  9    XL:     6   Next: 85%
Magic:  5/13       EV: 18    Int: 17    God:    Vehumet [......]
Gold:   77         SH:  0    Dex: 19    Spells: 7/13 levels left

rFire    . . .     SeeInvis .   o - +0 hand axe
rCold    . . .     Gourm    .   (no shield)
rNeg     . . .     Faith    .   a - +0 robe
rPois    .         Spirit   .   (helmet restricted)
rElec    .         Reflect  .   (no cloak)
rCorr    .         Harm     .   (no gloves)
MR       .....                  (boots unavailable)
Stlth    +++.......             (no amulet)
HPRegen  0.10/turn              (no ring)
MPRegen  0.13/turn              (no ring)

@: agile
A: beak, talons 3, able to fly 1
a: Fly, Renounce Religion


You were on level 3 of the Dungeon.
You worshipped Vehumet.
Vehumet was noncommittal.
You were not hungry.

You visited 2 branches of the dungeon, and saw 5 of its levels.

You collected 77 gold pieces.

Inventory:

Hand Weapons
 d - a +0 whip
 o - a +0 hand axe (weapon)
Missiles
 b - 104 stones (quivered)
 f - 8 needles of confusion
 n - 8 tomahawks
Armour
 a - a +0 robe (worn)
Jewellery
 k - an uncursed ring of positive energy {unknown}
Wands
 l - a wand of flame (29)
Scrolls
 e - 3 scrolls of remove curse {unknown}
 g - 2 scrolls of teleportation {unknown}
 h - 3 scrolls of identify {unknown}
 p - 2 scrolls of immolation {unknown}
Potions
 j - a potion of degeneration {unknown}
 m - a potion of curing {unknown}
Comestibles
 c - 4 rations
 q - 4 chunks of flesh


   Skills:
 - Level 2.1 Dodging
 - Level 2.0 Stealth
 + Level 4.0 Spellcasting
 + Level 5.2 Conjurations
 + Level 6.4 Air Magic


You had 7 spell levels left.
You knew the following spells:

 Your Spells              Type           Power        Failure   Level  Hunger
a - Shock                 Conj/Air       ###.         1%          1    None
b - Swiftness             Chrm/Air       ##......     6%          2    ##.....
c - Static Discharge      Conj/Air       ###.....     4%          3    ###....

Your spell library contained the following spells:

 Spells                   Type           Power        Failure   Level  Hunger
 Lightning Bolt           Conj/Air       ###.......   36%         5    ######.
 Airstrike                Air            ####......   11%         4    ####...


Dungeon Overview and Level Annotations

Branches:
Dungeon (4/15)             Temple (1/1) D:4

Altars:
Ashenzari
Cheibriados
Elyvilon
Makhleb
Qazlal
Sif Muna
Trog
Uskayaw
Vehumet
Wu Jian
Xom
Zin

Annotations:
D:3 Menkaure
D:4 exclusion: phantom


Innate Abilities, Weirdness & Mutations

You have a beak for a mouth.
You have claws for feet.
You can fly.


Message History

Confirm with . or Enter, or press ? or * to list all spells.
Aiming: Shock (safe; 1% risk of failure)
Press: ? - help, Shift-Dir - straight line, f - Menkaure
Aim: Menkaure (moderately damaged, fast)
The zap hits Menkaure.
Menkaure appears unharmed.
Menkaure is moderately damaged.
Menkaure hits you!
Casting: Shock (safe; 1% risk of failure)
Confirm with . or Enter, or press ? or * to list all spells.
Aiming: Shock (safe; 1% risk of failure)
Press: ? - help, Shift-Dir - straight line, f/p - Menkaure
Aim: Menkaure (moderately damaged, fast)
The zap hits Menkaure.
Menkaure is heavily damaged.
Menkaure hits you.
* * * LOW HITPOINT WARNING * * *
It was a potion of agility.
You feel agile all of a sudden. Menkaure hits you!
You die...

####### #####)....#
####.....###.# ###....#####
#.# ###...#### #M#
....########## #@#
####.........###.#
#.........##..#
#.........#..##
####...........## #######
.....[..........#####...<.#
......###.................#
......###.........##......#
.......##.........###.....#


You could see Menkaure.

Vanquished Creatures
  2 hounds
  An orc priest (D:3)
  A bullfrog skeleton (D:4)
  Jessica (D:3)
  A worker ant (D:4)
  2 orc wizards
  A hound zombie (D:4)
  4 gnolls
  2 adders (D:2)
  An ooze (D:4)
  2 adder zombies (D:4)
  4 worms
  3 dart slugs
  2 leopard geckos
  6 orcs
  7 bats
  2 giant cockroaches
  8 goblins
  5 hobgoblins
  4 jackals (D:3)
  2 quokkas (D:4)
  A ball python (D:3)
  A jackal zombie (D:4)
  5 kobolds
  12 rats
80 creatures vanquished.

Notes
Turn   | Place    | Note
-------+----------+-------------------------------------------
     0 | D:1      | Oravi the Tengu Air Elementalist began the quest for the Orb.
     0 | D:1      | Reached XP level 1. HP: 10/10 MP: 4/4
   201 | D:1      | Reached XP level 2. HP: 10/15 MP: 0/6
  1182 | D:1      | Reached XP level 3. HP: 5/19 MP: 0/7
  1186 | D:1      | Learned a level 2 spell: Swiftness
  1190 | D:1      | Learned a level 3 spell: Static Discharge
  2129 | D:3      | Reached XP level 4. HP: 24/24 MP: 4/9
  2233 | D:3      | Reached skill level 5 in Air Magic
  2530 | D:3      | Noticed Jessica
  2607 | D:3      | Killed Jessica
  2607 | D:3      | Gained mutation: You can fly. [Tengu growth]
  2607 | D:3      | Reached XP level 5. HP: 28/28 MP: 3/10
  3679 | D:4      | Reached XP level 6. HP: 32/32 MP: 7/12
  3691 | D:4      | Reached skill level 6 in Air Magic
  3876 | D:4      | Noticed a phantom
  3913 | D:4      | Found a staircase to the Ecumenical Temple.
  3957 | Temple   | Entered the Ecumenical Temple
  4132 | Temple   | Became a worshipper of Vehumet
  4431 | D:4      | Reached skill level 5 in Conjurations
  4756 | D:4      | Noticed Menkaure
  4765 | D:3      | Slain by Menkaure

Vault maps used:
D:1:      tarquinn_simple_flora_water_e, kennysheep_nondescript
D:2:      serial_park_tiny_1, hangedman_decor_points
D:3:      first_ration, uniq_jessica
D:4:      minmay_temple_entry_mist, serial_undead, serial_undead_f,
          serial_undead_b, serial_undead_c, serial_undead_c, uniq_menkaure
Temple:   minmay_temple_forest_path

Skill      XL: |  1  2  3  4  5  6 |
---------------+-------------------+-----
Conjurations   | 2 3 4 5 |  5.2
Air Magic      | 5 6 |  6.4
Spellcasting   | 3 4 |  4.0
Dodging        | |  2.1
Stealth        | |  2.0

Action                   |  1- 3 |  4- 6 || total
-------------------------+-------+-------++-------
Melee: Unarmed           |     9 |       ||     9
       Kick              |     4 |     1 ||     5
       Peck              |     2 |       ||     2
       Whip              |     4 |     9 ||    13
Throw: Stone             |     1 |     1 ||     2
 Cast: Shock             |    76 |   156 ||   232
       Static Discharge  |     1 |     4 ||     5
  Use: Potion            |       |     1 ||     1
  Eat: Chunk             |     5 |     8 ||    13
Armor: Robe              |     9 |     7 ||    16
Dodge: Dodged            |    27 |    26 ||    53

Table legend:
 A = Spawn XP
 B = Non-spawn XP
 C = Spawn XP percentage of total XP
 D = Spawn monster count
 E = Non-spawn monster count
 F = Spawn count percentage of total count
 G = Total turns spent on level
                    A         B        C        D         E        F      G
               +---------+---------+-------+---------+---------+-------+---------
         Total |       0 |     574 |   0.0 |       0 |      80 |   0.0 |  4765
               +---------+---------+-------+---------+---------+-------+---------
           D:1 |       0 |      26 |   0.0 |       0 |      16 |   0.0 |  1316
           D:2 |       0 |      65 |   0.0 |       0 |      14 |   0.0 |  1135
           D:3 |       0 |     262 |   0.0 |       0 |      35 |   0.0 |  1381
           D:4 |       0 |     221 |   0.0 |       0 |      15 |   0.0 |   477
               +---------+---------+-------+---------+---------+-------+---------
